 Dungeon Crawl Stone Soup version 0.20.1-1-g8b1a95d (console) character file.

5512 Morg0th the Slicer (level 10, -2/49 HPs)
             Began as a Spriggan Enchanter on July 9, 2017.
             Was a Priest of Kikubaaqudgha.
             Slain by a yak (14 damage)
             ... on level 10 of the Dungeon on July 10, 2017.
             The game lasted 01:19:22 (12028 turns).

Morg0th the Slicer (Spriggan Enchanter)            Turns: 12028, Time: 01:19:22

Health: -2/49      AC:  3    Str:  5    XL:     10   Next: 43%
Magic:  22/24      EV: 19    Int: 19    God:    Kikubaaqudgha [***...]
Gold:   461        SH:  0    Dex: 21    Spells: 9/28 levels left

rFire    . . .     SeeInvis +   o - +10 rapier {pierce, rPois rC+}
rCold    + . .     Gourm    .   (shield restricted)
rNeg     + . .     Faith    .   b - +1 robe
rPois    +         Spirit   .   (helmet restricted)
rElec    .         Reflect  .   (no cloak)
rCorr    .         Harm     .   (gloves unavailable)
MR       +....                  (boots unavailable)
Stlth    +++.......             D - amulet of magic regeneration
Regen    0.2/turn               k - ring of positive energy
MPRegen  0.3/turn               E - +4 ring of dexterity

@: very quick
A: unfitting armour, see invisible, herbivore 3, speed 3, slow metabolism 2
a: Receive Corpses, Renounce Religion


You were on level 10 of the Dungeon.
You worshipped Kikubaaqudgha.
Kikubaaqudgha was most pleased with you.
You were not hungry.

You visited 4 branches of the dungeon, and saw 14 of its levels.

You collected 461 gold pieces.

Inventory:

Hand Weapons
 a - a +1 dagger
 o - the +10 rapier "Cookie Cutter" (weapon) {pierce, rPois rC+}
   (You found it on level 6 of the Dungeon)

   It inflicts extra damage upon your enemies.
   It protects you from cold.
   It protects you from poison.
Missiles
 i - 186 stones (quivered)
 w - 20 poisoned needles
Armour
 b - a +1 robe (worn)
Jewellery
 j - a +2 ring of strength
 k - a ring of positive energy (left hand)
 D - an amulet of magic regeneration (around neck)
 E - a +4 ring of dexterity (right hand)
 F - an uncursed ring of poison resistance
Wands
 v - a wand of flame (24/48)
Scrolls
 e - 2 scrolls of magic mapping
 f - 5 scrolls of identify
 l - 3 scrolls of immolation {unknown}
 m - 3 scrolls of remove curse
 q - 2 scrolls of recharging {unknown}
 s - a scroll of fog
 u - 2 scrolls of noise
 x - a scroll of amnesia
 y - a scroll of teleportation
 A - a scroll of fear {unknown}
 H - a scroll of enchant weapon {unknown}
Potions
 g - 5 potions of curing
 h - 3 potions of might
 p - a potion of agility {unknown}
 r - a potion of berserk rage {unknown}
 t - 3 potions of haste
 C - 2 potions of heal wounds {unknown}
 I - a potion of mutation {unknown}
 J - a potion of cancellation {unknown}
 L - a potion of ambrosia {unknown}
Books
 c - a book of Maledictions

   Spells                             Type                      Level
   a - Corona                         Hexes                        1
   b - Ensorcelled Hibernation        Hexes/Ice                    2
   c - Confuse                        Hexes                        3
   d - Tukima's Dance                 Hexes                        3
   e - Dazzling Spray                 Conjuration/Hexes            3
 z - Kikubaaqudgha's Papyrus of Necromancy
   (Kikubaaqudgha gifted it to you on level 6 of the Dungeon)

   Spells                             Type                      Level
   a - Pain                           Necromancy                   1
   b - Corpse Rot                     Necromancy                   2
   c - Sublimation of Blood           Necromancy                   2
   d - Vampiric Draining              Necromancy                   3
   e - Control Undead                 Necromancy                   4
 G - the Tome of Lightness
   (You found it on level 9 of the Dungeon)

   Spells                             Type                      Level
   a - Static Discharge               Conjuration/Air              3
   b - Lightning Bolt                 Conjuration/Air              5
   c - Deflect Missiles               Charms/Air                   6
 K - a book of Enchantments

   Spells                             Type                      Level
   a - Cause Fear                     Hexes                        4
   b - Yara's Violent Unravelling     Hexes/Transmutation          5
   c - Silence                        Hexes/Air                    5
   d - Deflect Missiles               Charms/Air                   6
   e - Discord                        Hexes                        8
 M - a book of Necromancy

   Spells                             Type                      Level
   a - Pain                           Necromancy                   1
   b - Animate Skeleton               Necromancy                   1
   c - Vampiric Draining              Necromancy                   3
   d - Regeneration                   Charms/Necromancy            3
   e - Animate Dead                   Necromancy                   4
   f - Control Undead                 Necromancy                   4
 N - Kikubaaqudgha's Grimoire of Black Rites
   (Kikubaaqudgha gifted it to you on level 10 of the Dungeon)

   Spells                             Type                      Level
   a - Animate Dead                   Necromancy                   4
   b - Excruciating Wounds            Charms/Necromancy            5
   c - Bolt of Draining               Conjuration/Necromancy       5
   d - Agony                          Necromancy                   5
   e - Dispel Undead                  Necromancy                   5
Comestibles
 d - 5 bread rations
 n - 12 royal jellies
 B - 3 fruits


   Skills:
 - Level 4.0 Fighting
 + Level 11.3 Short Blades
 - Level 3.0 Dodging
 - Level 4.4 Stealth
 + Level 9.7 Spellcasting
 + Level 7.8 Hexes
 + Level 3.3 Necromancy


You had 9 spell levels left.
You knew the following spells:

 Your Spells              Type           Power        Failure   Level  Hunger
a - Pain                  Necr           ###.         1%          1    None
b - Ensorcelled Hibernat  Hex/Ice        ###...       2%          2    None
c - Confuse               Hex            #####...     1%          3    None
d - Dazzling Spray        Conj/Hex       ###...       4%          3    None
e - Tukima's Dance        Hex            #####...     1%          3    None
f - Sublimation of Blood  Necr           ###.......   3%          2    None
g - Cause Fear            Hex            #####.....   3%          4    ###....
h - Animate Skeleton      Necr           N/A          1%          1    None


Dungeon Overview and Level Annotations

Branches:
Dungeon (11/15)            Temple (1/1) D:5            Lair (1/6) D:10
    Orc (1/2) D:9

Altars:
Ashenzari
Cheibriados
Dithmenos
Elyvilon
Fedhas
Gozag
Hepliaklqana
Kikubaaqudgha
Makhleb
Nemelex Xobeh
Okawaru
Qazlal
Ru
Sif Muna
Trog
Uskayaw
Vehumet
Xom
Yredelemnul
Zin
The Shining One
Beogh

Shops:
D:6 **   D:8 (

Annotations:
D:8 Gastronok, Joseph, Maurice
D:10 4 exclusions


Innate Abilities, Weirdness & Mutations

You are very small and have problems with some larger weapons.
You are too small for most types of armour.
You have supernaturally acute eyesight. (SInv)
You are a herbivore.
You cover ground extremely quickly.
You need consume almost no food.


Message History

You closely miss the yak.
The yak is moderately wounded.
The yak gores you. The yak gores you but does no damage.
You hit the yak.
The yak is moderately wounded.
You puncture the yak!
The yak is almost dead.
The yak closely misses you. The yak completely misses you.
You closely miss the yak.
The yak is almost dead.
The yak gores you but does no damage. The yak gores you!
* * * LOW HITPOINT WARNING * * *
Press: ? - help, v - describe, . - travel
Here: a yak (almost dead)
The floor, spattered with blood.
You completely miss the yak.
The yak is almost dead.
The yak gores you!
You die...
Kikubaaqudgha rasps: "You have failed me!
Welcome... death!"

.. ..# ############..#
..............#.. ####
#..§§§≈≈.....#.. #..
#..§§≈≈≈≈....^. #.#
#### #§≈≈≈.≈≈....#
##### ###.### #...##
##.§§.>Y≈≈...# ....#
#.....##.....#
#..≈≈≈≈Y≈≈(..#
###.######.[...#)......
#...≈≈≈≈@≈.#.####^###
#...##........)†.......
##......≈≈Y...".......
#.#.##.#§#†.).)#.......
............#####.####
..#............##......
##.######.#...#
#####.....##.### #...##
#. #.......#
..#...#...##†# #### .
#.#####.......#
#.#.########.# #.
##.#..... #...#
#.####### # .# ...#
.#..########........ .#
###
[.................## .#
...##############... .#
#.## ## .# #.# #.# ..#
#.# ### #.# #.#.# #.#.#
#### #.#.# ...# #.#.#
##.# #.#.# #.#
#.#.##### #.#
#.#.....##.## ##.#####
#### #....>.......
.......####
.....##.#####.#####..#
.#####....# #.....<# ..
.... .# #....#
...####.# ## #..#


You could see 3 yaks.

Vanquished Creatures
  A queen bee (D:8)
  The ghost of Ladykiller69 the Conjurer, an amateur DECj (D:5)
  6 yaks
  A hell hound (D:10)
  2 water moccasins
  4 orc warriors
  A black bear (D:9)
  3 sky beasts
  An ice beast (D:7)
  2 phantoms
  An ogre (D:8)
  5 centaurs
  6 bullfrogs
  A gnoll sergeant (D:6)
  A scorpion (D:5)
  15 killer bees
  4 crimson imps
  3 howler monkeys
  2 bullfrog zombies
  A quasit (D:7)
  A centaur skeleton (D:7)
  2 bullfrog skeletons (D:4)
  Crazy Yiuf (D:5)
  6 orc priests
  3 hounds
  2 iguanas
  7 worker ants
  2 hound skeletons
  2 worker ant zombies
  4 gnolls (D:6)
  17 adders
  2 shadow imps
  An adder zombie (D:10)
  2 worms (D:2)
  7 dart slugs
  3 leopard geckos
  28 orcs
  6 giant cockroaches
  3 goblins (D:1)
  9 hobgoblins
  14 jackals
  4 quokkas
  8 bats
  4 frilled lizards
  A giant cockroach zombie (D:5)
  A jackal zombie (D:5)
  12 kobolds
  14 rats
227 creatures vanquished.

Vanquished Creatures (collateral kills)
  A howler monkey (D:10)
  A jelly (D:10)
  An orc (D:10)
3 creatures vanquished.

Grand Total: 230 creatures vanquished

Notes
Turn   | Place    | Note
-------+----------+-------------------------------------------
     0 | D:1      | Morg0th the Spriggan Enchanter began the quest for the Orb.
     0 | D:1      | Reached XP level 1. HP: 9/9 MP: 5/5
    15 | D:1      | Reached skill level 3 in Spellcasting
   321 | D:1      | Reached XP level 2. HP: 13/13 MP: 7/7
   327 | D:1      | Learned a level 2 spell: Ensorcelled Hibernation
   919 | D:3      | Reached skill level 4 in Spellcasting
   919 | D:3      | Reached XP level 3. HP: 17/17 MP: 8/10
  1242 | D:1      | Reached XP level 4. HP: 21/21 MP: 5/11
  1296 | D:1      | Reached skill level 2 in Short Blades
  1716 | D:2      | Reached skill level 5 in Spellcasting
  1896 | D:2      | Reached skill level 1 in Fighting
  2659 | D:3      | You fall through a shaft for 3 floors!
  2659 | D:6      | Noticed a gnoll sergeant
  2727 | D:7      | Noticed a water moccasin
  2779 | D:6      | Killed a water moccasin
  2779 | D:6      | Reached skill level 3 in Short Blades
  2779 | D:6      | Reached skill level 6 in Spellcasting
  2779 | D:6      | Reached XP level 5. HP: 16/25 MP: 10/14
  2799 | D:6      | Found Netziacice's Assorted Antiques.
  2874 | D:6      | Got a bone rapier
  2878 | D:6      | Identified the +10 rapier "Cookie Cutter" {pierce, rPois rC+} (You found it on level 6 of the Dungeon)
  2933 | D:5      | Entered Level 5 of the Dungeon
  2988 | D:5      | Noticed Ladykiller69's ghost (amateur DECj)
  3093 | D:5      | Reached XP level 6. HP: 28/30 MP: 13/16
  4079 | D:4      | Reached skill level 2 in Fighting
  4079 | D:4      | Reached skill level 4 in Short Blades
  4221 | D:4      | Reached skill level 7 in Spellcasting
  4221 | D:4      | Reached XP level 7. HP: 27/35 MP: 16/18
  4228 | D:4      | Learned a level 3 spell: Confuse
  4232 | D:4      | Learned a level 3 spell: Dazzling Spray
  4236 | D:4      | Learned a level 3 spell: Tukima's Dance
  4585 | D:4      | Reached skill level 5 in Short Blades
  4974 | D:5      | Found a staircase to the Ecumenical Temple.
  4985 | Temple   | Entered the Ecumenical Temple
  5252 | Temple   | Became a worshipper of Kikubaaqudgha
  5577 | D:5      | Found a runed door.
  5581 | D:5      | Noticed Crazy Yiuf
  5602 | D:5      | Killed Crazy Yiuf
  5628 | D:5      | Killed Ladykiller69's ghost
  5628 | D:5      | Reached skill level 6 in Short Blades
  5931 | D:6      | Reached XP level 8. HP: 17/39 MP: 16/20
  6271 | D:6      | Found Qego's Elemental Accessories.
  6286 | D:6      | Found a hazy altar of Hepliaklqana.
  6398 | D:6      | Reached skill level 7 in Short Blades
  7120 | D:6      | Reached * piety under Kikubaaqudgha
  7120 | D:6      | Identified Kikubaaqudgha's Papyrus of Necromancy (Kikubaaqudgha gifted it to you on level 6 of the Dungeon)
  7120 | D:6      | Received a gift from Kikubaaqudgha
  7120 | D:6      | Reached skill level 8 in Spellcasting
  7120 | D:6      | Reached skill level 4 in Hexes
  7297 | D:7      | Reached skill level 3 in Fighting
  7306 | D:7      | Learned a level 1 spell: Pain
  7309 | D:7      | Learned a level 2 spell: Sublimation of Blood
  7390 | D:7      | Reached skill level 8 in Short Blades
  7683 | D:7      | Reached skill level 9 in Spellcasting
  7694 | D:7      | Reached skill level 5 in Hexes
  7952 | D:7      | Reached XP level 9. HP: 44/44 MP: 23/23
  8104 | D:8      | Found Xikk's Antique Weapon Shop.
  8446 | D:8      | Noticed a queen bee
  8547 | D:8      | Noticed Joseph
  8561 | D:8      | Reached skill level 9 in Short Blades
  8587 | D:8      | Reached skill level 6 in Hexes
  8608 | D:8      | Reached ** piety under Kikubaaqudgha
  8631 | D:8      | Reached skill level 1 in Necromancy
  8827 | D:8      | Noticed Maurice
  8885 | D:8      | Killed a queen bee
  8905 | D:9      | Found a deep blue altar of Sif Muna.
  9146 | D:8      | Reached skill level 10 in Short Blades
  9330 | D:8      | Noticed Gastronok
  9844 | D:9      | Identified the Tome of Lightness
  9981 | D:9      | Found a staircase to the Orcish Mines.
 10079 | D:10     | Entered Level 10 of the Dungeon
 10081 | D:10     | Reached skill level 7 in Hexes
 10180 | D:9      | Reached skill level 2 in Necromancy
 10275 | D:9      | Reached XP level 10. HP: 33/49 MP: 20/24
 10578 | D:11     | Noticed a two-headed ogre
 10593 | D:9      | Learned a level 4 spell: Cause Fear
 10739 | D:9      | Learned a level 1 spell: Animate Skeleton
 10764 | D:9      | Reached skill level 11 in Short Blades
 11173 | D:9      | Found a roughly hewn altar of Beogh.
 11271 | Orc:1    | Entered Level 1 of the Orcish Mines
 11271 | Orc:1    | Noticed an orc knight
 11362 | D:10     | Reached *** piety under Kikubaaqudgha
 11362 | D:10     | Identified Kikubaaqudgha's Grimoire of Black Rites (Kikubaaqudgha gifted it to you on level 10 of the Dungeon)
 11362 | D:10     | Received a gift from Kikubaaqudgha
 11362 | D:10     | Reached skill level 4 in Fighting
 11437 | D:10     | Reached skill level 3 in Necromancy
 11516 | D:11     | Noticed a red ugly thing
 11758 | D:10     | HP: 2/49 [hell hound/blast of flame (16)]
 11764 | D:10     | Found a staircase to the Lair.
 12013 | Lair:1   | Entered Level 1 of the Lair of Beasts
 12028 | D:10     | Slain by a yak

Skill      XL: |  1  2  3  4  5  6  7  8  9 10 |
---------------+-------------------------------+-----
Spellcasting   | 3 4 6 7 9 |  9.7
Short Blades   | 3 4 6 8 10 11 | 11.3
Fighting       | 1 2 3 4 |  4.0
Hexes          | 5 7 |  7.8
Necromancy     | 2 3 |  3.3
Dodging        | |  3.0
Stealth        | |  4.4

Action                   |  1- 3 |  4- 6 |  7- 9 | 10-12 || total
-------------------------+-------+-------+-------+-------++-------
Melee: Dagger            |    77 |    76 |       |       ||   153
       Rapier            |       |    77 |   214 |    81 ||   372
Throw: Stone             |       |       |     9 |    11 ||    20
 Cast: Ensorcelled Hiber |    12 |    22 |    33 |    17 ||    84
       Confuse           |       |       |    14 |     5 ||    19
       Dazzling Spray    |       |       |     1 |       ||     1
       Pain              |       |       |    15 |    21 ||    36
       Animate Skeleton  |       |       |       |     9 ||     9
       Cause Fear        |       |       |       |     1 ||     1
  Use: Scroll            |       |     5 |     5 |     2 ||    12
       Potion            |       |     5 |     3 |     1 ||     9
 Stab: Sleeping          |    18 |    26 |    31 |    11 ||    86
       Distracted        |       |       |     2 |     1 ||     3
       Confused          |       |       |     4 |     1 ||     5
  Eat: Bread ration      |       |       |     1 |     1 ||     2
Armor: Robe              |     6 |    23 |    12 |     5 ||    46
Dodge: Dodged            |    50 |    97 |   130 |    52 ||   329
